 Dungeon Crawl Stone Soup version 0.23-a0-313-gf30bb39 (webtiles) character file.

5154 HarryHood the Basher (level 10, -2/66 HPs)
             Began as a Gargoyle Fighter on Oct 12, 2018.
             Was a Believer of Qazlal.
             Slain by a blizzard demon (7 damage)
             ... on level 2 of the Abyss on Oct 13, 2018.
             The game lasted 00:30:31 (9430 turns).

HarryHood the Basher (Gargoyle Fighter)             Turns: 9430, Time: 00:30:32

Health: -2/66      AC: 19    Str: 26    XL:     10   Next: 59%
Magic:  0/15       EV:  6    Int:  7    God:    Qazlal [**....]
Gold:   591        SH: 15    Dex: 12    Spells: 9/9 levels left

rFire    . . .     SeeInvis .   a - +3 flail
rCold    + + .     Gourm    .   c - +3 shield
rNeg     + . .     Faith    .   i - +2 chain mail of Ybleyk {rC+ Str+4 Int-2}
rPois    ∞         Spirit   +   (no helmet)
rElec    +         Reflect  .   (no cloak)
rCorr    .         Harm     .   (no gloves)
MR       .....                  k - +0 pair of boots
Stlth    ..........             f - amulet of guardian spirit
HPRegen  0.21/turn              u - +2 ring of dexterity
MPRegen  0.14/turn              w - ring of protection from cold

@: about to teleport
A: negative energy resistance 1, electricity resistance, unbreathing,
petrification resistance, rot immunity, AC +7
a: Upheaval, Renounce Religion


You were on level 2 of the Abyss.
You worshipped Qazlal.
Qazlal was pleased with you.
You were not hungry.

You visited 2 branches of the dungeon, and saw 11 of its levels.
You visited the Abyss 1 time.

You collected 703 gold pieces.
You spent 112 gold pieces at shops.

Inventory:

Hand Weapons
 a - a +3 flail (weapon)
Armour
 c - a +3 shield (worn)
 i - the +2 chain mail of Ybleyk (worn) {rC+ Str+4 Int-2}
   (You found it on level 8 of the Dungeon)

   It affects your strength (+4).
   It affects your intelligence (-2).
   It protects you from cold.
 k - a +0 pair of boots (worn)
Jewellery
 f - an amulet of guardian spirit (around neck)
 n - an uncursed ring of resist corrosion
 u - a +2 ring of dexterity (left hand)
 w - a ring of protection from cold (right hand)
Wands
 v - a wand of digging (13)
Scrolls
 j - 2 scrolls of teleportation {@r0}
 q - a scroll of fear
 r - 2 scrolls of identify
 s - 3 scrolls of remove curse {@r1}
 x - 2 scrolls of enchant armour
Potions
 b - a potion of agility
 d - 4 potions of might
 g - 5 potions of heal wounds {@q1}
 h - a potion of lignification {unknown}
 l - 3 potions of invisibility
 m - a potion of flight {unknown}
 o - 4 potions of curing {@q2}
 t - 2 potions of cancellation {unknown}
Comestibles
 e - 26 rations {@e1}
 p - 3 chunks of flesh


   Skills:
 - Level 9.1 Fighting
 * Level 11.5 Maces & Flails
 - Level 3.2 Armour
 - Level 3.2 Shields
 + Level 7.1 Invocations


You had 9 spell levels left.
You didn't know any spells.
Your spell library contained the following spells:

 Spells                   Type           Power        Failure   Level  Hunger
 Corona                   Hex            #......      100%        1    ##.....
 Ensorcelled Hibernation  Hex/Ice        #.....       100%        2    ###....
 Poisonous Vapours        Pois/Air       #.....       100%        2    ###....
 Confuse                  Hex            #.......     100%        3    ####...
 Conjure Flame            Conj/Fire      #.......     100%        3    ####...
 Dazzling Spray           Conj/Hex       #.....       100%        3    ####...
 Mephitic Cloud           Conj/Pois/Air  #.......     100%        3    ####...
 Tukima's Dance           Hex            #.......     100%        3    ####...
 Freezing Cloud           Conj/Ice/Air   #.........   100%        6    #######
 Ring of Flames           Chrm/Fire      #.........   100%        7    #######


Dungeon Overview and Level Annotations

Branches:
Dungeon (10/15)            Temple (1/1) D:6             Orc (0/2) D:9
   Lair: D:8-11

Altars:
Ashenzari
Cheibriados
Dithmenos
Fedhas
Gozag
Hepliaklqana
Kikubaaqudgha
Makhleb
Nemelex Xobeh
Qazlal
Ru
Trog
Uskayaw
Vehumet
Wu Jian
Xom
Yredelemnul
Zin

Shops:
D:6 =   D:9 [


Innate Abilities, Weirdness & Mutations

You are resistant to torment.
Your stone body is resilient. (AC +7)
You are immune to poison.
You resist negative energy. (rN+)
You are resistant to electric shocks. (rElec)
You can survive without breathing.
You are immune to petrification.
You are immune to rotting.


Message History

The tentacled starspawn engulfs you but does no damage.
The large abomination hits you but does no damage.
You hit the tentacled starspawn. The large abomination hits you!
* * * LOW HITPOINT WARNING * * *
The blizzard demon waves its arms in wide circles.
The air twists around and strikes you!
* * * LOW HITPOINT WARNING * * *
Tentacles burst from the starspawn's body! 2 starspawn tentacles come into view.
You take 15 damage, and have 4/66 hp.
MASSIVE DAMAGE!!
You now have 1/15 mp.
As you read the scroll of teleportation {@r0}, it crumbles to dust.
You feel strangely unstable.
You feel the power of the Abyss delaying your translocation!
You block the large abomination's attack.
The large abomination hits you but does no damage.
A sky beast appears from thin air!
Reactivating autopickup.
The blizzard demon hits you but does no damage.
The blizzard demon hits you!
You die...

. .§ .▒▒▒. R▓ ▒ ..▒▓.
. ▒ ▒ ##...## ▒.# #.#
##.....###...# .#
##.........▒ #.#.#.
#..XXw....####...###.
+.Y2@X....'... . #..
#....░░░w###▒▒ ▒## ▒.
▓ ▒.... ..## . ▒. ▒
░#.▒ ▒. ░ .▓▓ . ..
...▒ #.▒▒. . # .#
▒.#.#X #▒# .. ▒#.#
.X▓ ..#


You could see a tentacled starspawn, a blizzard demon, 2 large abominations, an
efreet, a sky beast and 2 starspawn tentacles.

Vanquished Creatures
  A two-headed ogre (D:8)
  Joseph (D:8)
  A troll (D:8)
  A hippogriff (D:9)
  Sigmund (D:4)
  A spriggan (D:8)
  A human (D:3)
  Grum (D:8)
  A small abomination (Abyss:2)
  Menkaure (D:4)
  A hungry ghost (D:9)
  An orc warrior (D:9)
  6 ice beasts
  A phantom (D:8)
  3 wolves (D:8)
  3 ogres
  2 centaurs
  A big kobold (D:9)
  A bullfrog (D:10)
  2 scorpions
  3 wights (D:7)
  A howler monkey (D:6)
  2 crimson imps (D:5)
  4 hounds
  2 jellies
  A bullfrog skeleton (D:9)
  5 orc priests
  A centaur skeleton (D:9)
  Ijyb (D:4)
  4 iguanas
  3 orc wizards
  6 worker ants
  A hound skeleton (D:9)
  A hound zombie (D:10)
  6 adders
  3 adder skeletons
  6 worms
  3 dart slugs
  5 leopard geckos
  29 orcs
  6 ball pythons
  10 giant cockroaches
  5 goblins
  8 hobgoblins
  6 jackals
  14 kobolds
  5 quokkas
  9 bats
  5 frilled lizards
  A quokka zombie (D:9)
  11 rats
198 creatures vanquished.

Vanquished Creatures (others)
  2 starspawn tentacles (Abyss:2)
2 creatures vanquished.

Grand Total: 200 creatures vanquished

Notes
Turn   | Place    | Note
-------+----------+-------------------------------------------
     0 | D:1      | HarryHood the Gargoyle Fighter began the quest for the Orb.
     0 | D:1      | Reached XP level 1. HP: 14/14 MP: 1/1
   164 | D:1      | Reached XP level 2. HP: 15/19 MP: 2/2
   399 | D:1      | Reached skill level 3 in Maces & Flails
   523 | D:1      | Reached XP level 3. HP: 21/23 MP: 3/3
  1118 | D:2      | Reached skill level 4 in Maces & Flails
  1118 | D:2      | Reached XP level 4. HP: 9/28 MP: 4/4
  1799 | D:2      | Reached skill level 5 in Maces & Flails
  1799 | D:2      | Reached XP level 5. HP: 18/32 MP: 5/5
  2305 | D:3      | Found a runed door.
  2305 | D:3      | Noticed a human
  2311 | D:3      | Found a basalt altar of Yredelemnul.
  2347 | D:3      | Killed a human
  2347 | D:3      | Reached skill level 6 in Maces & Flails
  2347 | D:3      | Reached XP level 6. HP: 31/37 MP: 6/6
  2859 | D:4      | Found a sacrificial altar of Ru.
  2861 | D:4      | Found a shimmering altar of Xom.
  2861 | D:4      | Found a basalt altar of Yredelemnul.
  2868 | D:4      | Reached skill level 4 in Fighting
  2891 | D:4      | Noticed Ijyb
  2913 | D:4      | Killed Ijyb
  2913 | D:4      | Reached XP level 7. HP: 32/44 MP: 7/7
  2988 | D:4      | Noticed Sigmund
  2998 | D:4      | Reached skill level 5 in Fighting
  3023 | D:4      | Killed Sigmund
  3023 | D:4      | Reached skill level 6 in Fighting
  3129 | D:4      | Noticed Menkaure
  3138 | D:4      | Killed Menkaure
  3138 | D:4      | Reached skill level 7 in Maces & Flails
  3146 | D:4      | Found a glowing silver altar of Zin.
  3333 | D:4      | Reached XP level 8. HP: 51/51 MP: 8/8
  4090 | D:5      | Entered Level 5 of the Dungeon
  4363 | D:5      | Reached skill level 8 in Maces & Flails
  5109 | D:6      | Found Ryjafer's Jewellery Shop.
  5367 | D:6      | Found a staircase to the Ecumenical Temple.
  5377 | Temple   | Entered the Ecumenical Temple
  5472 | Temple   | Became a worshipper of Qazlal Stormbringer
  6230 | D:6      | Bought a +2 ring of dexterity for 112 gold pieces
  6337 | D:7      | Reached skill level 9 in Maces & Flails
  6361 | D:7      | Found an ancient bone altar of Kikubaaqudgha.
  6639 | D:7      | Reached skill level 7 in Fighting
  6639 | D:7      | Reached skill level 1 in Invocations
  7009 | D:8      | Noticed a troll
  7026 | D:8      | Killed a troll
  7026 | D:8      | Reached skill level 8 in Fighting
  7026 | D:8      | Reached skill level 2 in Invocations
  7026 | D:8      | Reached XP level 9. HP: 16/59 MP: 4/11
  7268 | D:8      | Got a warped chain mail
  7279 | D:8      | Identified the +2 chain mail of Ybleyk {rC+ Str+4 Int-2}
                  | (You found it on level 8 of the Dungeon)
  7335 | D:8      | Reached skill level 3 in Invocations
  7383 | D:8      | Noticed Joseph
  7403 | D:8      | Killed Joseph
  7483 | D:8      | Noticed Grum
  7497 | D:8      | Killed Grum
  7497 | D:8      | Reached skill level 9 in Fighting
  7497 | D:8      | Reached skill level 4 in Invocations
  7740 | D:8      | Noticed a two-headed ogre
  7759 | D:8      | Killed a two-headed ogre
  7759 | D:8      | Reached skill level 10 in Maces & Flails
  7759 | D:8      | Reached skill level 5 in Invocations
  7919 | D:8      | Found a hide-covered altar of Uskayaw.
  7954 | D:8      | Reached XP level 10. HP: 65/66 MP: 14/14
  8314 | D:8      | Noticed a moth of wrath
  8317 | D:8      | Found a bloodstained altar of Trog.
  8325 | D:8      | Reached * piety under Qazlal
  8409 | D:9      | Reached skill level 6 in Invocations
  8410 | D:9      | Found Xiepe's Armour Boutique.
  8414 | D:9      | Found a staircase to the Orcish Mines.
  8802 | D:9      | Reached skill level 11 in Maces & Flails
  9094 | D:10     | Entered Level 10 of the Dungeon
  9164 | D:10     | Reached ** piety under Qazlal
  9247 | D:10     | Reached skill level 7 in Invocations
  9300 | D:10     | Noticed a wizard
  9309 | D:10     | Cast into level 2 of the Abyss (a wizard)
  9397 | Abyss:2  | Noticed a tentacled starspawn
  9416 | Abyss:2  | Noticed a blizzard demon
  9418 | Abyss:2  | Noticed a large abomination
  9420 | Abyss:2  | Noticed a large abomination
  9429 | Abyss:2  | HP: 4/66 [blizzard demon/the air (9)]
  9430 | Abyss:2  | Slain by a blizzard demon

Vault maps used:
D:1:      minmay_arrival_radiant_lines, st_stairs_7
D:2:      first_ration, minmay_pentomino_v4
D:3:      dk_yredelemnul_ordeal
D:4:      nicolae_overflow_quartered_altars, uniq_menkaure, uniq_sigmund,
          uniq_ijyb
D:5:      small_statue_alley_b
D:6:      minmay_temple_entry_mist, serial_shops, shop
D:7:      basic_altar
D:8:      nicolae_overflow_crystal_walls, the_bakery, tgw_trog, uniq_joseph,
          uniq_grum
D:9:      nicolae_overflow_hidden_temple, orc_david_3
D:10:     lair_entry_dummy, serial_shops, shop, bh_hangedman_babel_library
Temple:   regret_index_temple_sphere_string

Skill      XL: |  1  2  3  4  5  6  7  8  9 10 |
---------------+-------------------------------+-----
Maces & Flails | 3 4 5 6 7 9 10 11 | 11.5
Fighting       | 4 6 8 9 |  9.1
Invocations    | 2 5 7 |  7.1
Armour         | |  3.2
Shields        | |  3.2

Action                   |  1- 3 |  4- 6 |  7- 9 | 10-12 || total
-------------------------+-------+-------+-------+-------++-------
Melee: Flail             |   126 |   222 |   306 |   197 ||   851
 Abil: Evoke Flight      |       |       |       |     1 ||     1
  Use: Scroll            |     3 |     8 |     7 |     1 ||    19
       Potion            |       |     1 |       |       ||     1
  Eat: Chunk             |     1 |     6 |    12 |     7 ||    26
       Ration            |       |       |     1 |       ||     1
Armor: Scale mail        |    61 |     3 |       |       ||    64
       Chain mail        |       |   111 |   106 |    70 ||   287
       Ring mail         |       |       |    43 |       ||    43
Dodge: Dodged            |    43 |    48 |    46 |    27 ||   164
Block: Shield            |    72 |   114 |   166 |   139 ||   491

Table legend:
 A = Non-vault XP
 B = Vault XP
 C = Vault XP percentage of total XP
 D = Non-vault monster count
 E = Vault monster count
 F = Vault count percentage of total count
                 A         B        C        D         E       F
            +---------+---------+-------+---------+---------+-------
      Total |    5328 |    2036 |  27.6 |     174 |      24 |  12.1
            +---------+---------+-------+---------+---------+-------
        D:1 |      46 |       3 |   6.1 |      25 |       2 |   7.4
        D:2 |     129 |       3 |   2.3 |      30 |       2 |   6.2
        D:3 |      65 |     196 |  75.1 |      21 |       1 |   4.5
        D:4 |     429 |     459 |  51.7 |      22 |       3 |  12.0
        D:5 |     189 |       0 |   0.0 |       9 |       0 |   0.0
        D:6 |     180 |       0 |   0.0 |      13 |       0 |   0.0
        D:7 |     508 |       0 |   0.0 |      12 |       0 |   0.0
        D:8 |    1508 |    1227 |  44.9 |       6 |      11 |  64.7
        D:9 |    1465 |     148 |   9.2 |      22 |       5 |  18.5
       D:10 |     619 |       0 |   0.0 |      13 |       0 |   0.0
    Abyss:2 |     190 |       0 |   0.0 |       1 |       0 |   0.0
            +---------+---------+-------+---------+---------+-------
